 Dungeon Sprint DCSS version 0.27.1 (webtiles) character file.

Game seed: 4097580112916885101

1026 styxcanada the Unseen (level 8, -3/43 HPs)
             Began as a Spriggan Brigand on Aug 26, 2021.
             Was an Initiate of Gozag.
             Slain by a killer bee (5 damage)
             ... in the Dungeon (Sprint IV: "Fedhas' Mad Dash").
             The game lasted 00:06:08 (496 turns).

styxcanada the Unseen (Spriggan Brigand)             Turns: 496, Time: 00:06:08

Health: -3/43      AC:  5    Str:  7    XL:     8   Next: 2%
Magic:  7/9        EV: 22    Int: 17    God:    Gozag
Gold:   52         SH:  0    Dex: 18    Spells: 7/7 levels left

rFire    . . .     SeeInvis +   a - +2 dagger
rCold    + . .     Faith    .   (shield restricted)
rNeg     + . .     Spirit   .   q - +2 robe {rC+}
rPois    .         Reflect  .   (helmet restricted)
rElec    .         Harm     .   c - +0 cloak
rCorr    .         Rampage  .   (gloves unavailable)
Will     +....     NoTele   +   (boots unavailable)
Stlth    +++++++...             l - amulet of invisibility {+Inv}
HPRegen  0.14/turn              b - ring "Jitiv" {+Blink rN+ Int+4}
MPRegen  0.11/turn              (no ring)

@: lethally poisoned (-3 -> -9), slightly contaminated, invisible, very quick
A: very small, no large weapons, unfitting armour, see invisible, speed 3
a: Renounce Religion, Evoke Blink, Evoke Invisibility, Potion Petition, Call
Merchant, Bribe Branch


You were in the Dungeon.
You worshipped Gozag.
Gozag was noncommittal.
You visited 1 branch You collected 752 gold pieces.
You spent 700 gold pieces at shops.

Inventory:

Hand Weapons
 a - a +2 dagger (weapon)
 m - the +10 long sword "Hautwuw" {holy, rC+}
   (You found it in the Dungeon)

   It has been blessed by the Shining One to cause great damage to the undead
   and demons.
   rC:        It protects you from cold.
Missiles
 d - 7 poisoned darts
 e - 2 curare-tipped darts (quivered)
 n - 20 stones
Armour
 c - a +0 cloak (worn)
 q - a +2 robe of cold resistance (worn)
Jewellery
 b - the ring "Jitiv" (left hand) {+Blink rN+ Int+4}
   (You bought it in a shop in the Dungeon)

   [ring of positive energy]

   Int:       It affects your intelligence (+4).
   rN:        It protects you from negative energy.
   +Blink:    It lets you blink.
 l - the amulet of invisibility (around neck) {+Inv}
   (You found it in the Dungeon)

   [amulet of nothing]

   +Inv:      It lets you turn invisible.
Scrolls
 k - a scroll of blinking
 o - a scroll of identify
 p - a scroll of torment
 r - a scroll of fear
 s - a scroll of fog
Potions
 f - a potion of curing
 g - a potion of heal wounds
 h - a potion of haste
 i - 2 potions of magic
 j - 2 potions of berserk rage


   Skills:
 * Level 5.2 Fighting
 + Level 3.7 Short Blades
 + Level 5.3 Throwing
 * Level 7.9 Dodging
 * Level 19.2 Stealth
 * Level 6.8 Evocations


You had 7 spell levels left.
You didn't know any spells.
Your spell library was empty.

Dungeon Overview and Level Annotations

Branches:
Dungeon (1/1)

Altars:
Cheibriados
Dithmenos
Elyvilon
Gozag
Hepliaklqana
Kikubaaqudgha
Makhleb
Nemelex Xobeh
Okawaru
Qazlal
Ru
Sif Muna
Trog
Uskayaw
Vehumet
Wu Jian
Xom
Yredelemnul
Zin
The Shining One
Beogh
Jiyva
Lugonu

Shops:
D =(*(


Innate Abilities, Weirdness & Mutations

You are very small and have problems with some larger weapons.
You are too small for most types of armour.
You have supernaturally acute eyesight. (SInv)
You cover ground extremely quickly. (Speed+++)


Message History

The killer bee is lightly wounded.
You flicker back into view.
You feel sick. The killer bee barely misses you.
The killer bee stings you but does no damage.
The queen bee misses you. The killer bee misses you.
The killer bee closely misses you.
You miss the killer bee.
The killer bee is lightly wounded.
You feel sick. The killer bee stings you! The killer bee barely misses you.
The queen bee completely misses you. The killer bee stings you!
The killer bee stings you.
You are more poisoned.
The killer bee poisons you!
You fail to use your ability.
* * * LOW HITPOINT WARNING * * *
You feel very sick.
The killer bee stings you but does no damage.
The killer bee closely misses you.
The killer bee stings you but does no damage.
The killer bee barely misses you. x2; The killer bee closely misses you.
The queen bee misses you. The killer bee barely misses you.
The killer bee misses you.
You fail to use your ability.
* * * LOW HITPOINT WARNING * * *
You feel sick. The killer bee completely misses you.
The killer bee closely misses you. The killer bee completely misses you.
The killer bee misses you. The killer bee barely misses you.
The killer bee closely misses you.
The queen bee calls on the killer bee to defend it!
The killer bee goes berserk!
The queen bee calls on the killer bee to defend it!
The killer bee goes berserk!
The killer bee stings you.
* * * LOW HITPOINT WARNING * * *
The killer bee closely misses you.
You fade into invisibility!
You are lightly contaminated with residual magic.
* * * LOW HITPOINT WARNING * * *
You feel sick. The killer bee stings you.
You die...
Your body crumbles into a pile of gold.

#######################
#<)..#.....#.....#.⌠._.
#PP..'..)..'.#.[.'.._._
#PPPP#.....#.#...#..._.
###############'##.._._
#...♣yyy.....'...#._._.
#....y@♣.....#$$$######
#....y♣..♣..######
##+####+#####


$$$$ $ You could see a queen bee and 4 killer bees.

Vanquished Creatures
  2 wandering mushrooms (D)
  A burning bush (D)
  3 scorpions (D)
  4 oklob saplings (D)
  2 spriggans (D)
  A river rat (D)
  A rat (D)
14 creatures vanquished.

Vanquished Creatures (others)
  A fungus (D)
1 creature vanquished.

Grand Total: 15 creatures vanquished

Notes
Turn   | Place    | Note
-------+----------+-------------------------------------------
     0 | D        | styxcanada the Spriggan Brigand began the quest for the
                  | Orb.
     0 | D        | Reached XP level 1. HP: 10/10 MP: 2/2
    17 | D        | Reached skill level 7 in Stealth
    17 | D        | Reached XP level 2. HP: 15/15 MP: 3/3
    38 | D        | Noticed an oklob sapling
    40 | D        | Killed an oklob sapling
    41 | D        | Reached skill level 9 in Stealth
    41 | D        | Reached XP level 3. HP: 19/19 MP: 4/4
    42 | D        | Noticed a scorpion
    42 | D        | Found the amulet of invisibility {+Inv}
    44 | D        | Killed a scorpion
    45 | D        | Reached skill level 12 in Stealth
    45 | D        | Reached XP level 4. HP: 23/23 MP: 5/5
    66 | D        | Found an opulent altar of Gozag.
    66 | D        | Found a hazy altar of Hepliaklqana.
    66 | D        | Found a burning altar of Makhleb.
    66 | D        | Found a sparkling altar of Nemelex Xobeh.
    66 | D        | Found a sacrificial altar of Ru.
    66 | D        | Found a shimmering blue altar of Sif Muna.
    66 | D        | Found an ornate altar of the Wu Jian Council.
    66 | D        | Found a shimmering altar of Xom.
    66 | D        | Found a basalt altar of Yredelemnul.
    67 | D        | Found a viscous altar of Jiyva.
    67 | D        | Found a snail-covered altar of Cheibriados.
    67 | D        | Found a bloodstained altar of Trog.
    68 | D        | Found an iron altar of Okawaru.
    68 | D        | Found a shadowy altar of Dithmenos.
    68 | D        | Found a glowing silver altar of Zin.
    69 | D        | Found an ancient bone altar of Kikubaaqudgha.
    69 | D        | Found a hide-covered altar of Uskayaw.
    70 | D        | Found a stormy altar of Qazlal.
    70 | D        | Found a white marble altar of Elyvilon.
    70 | D        | Found a glowing golden altar of the Shining One.
    71 | D        | Found a corrupted altar of Lugonu.
    71 | D        | Found a radiant altar of Vehumet.
    75 | D        | Reached skill level 13 in Stealth
    75 | D        | Reached XP level 5. HP: 28/28 MP: 3/6
    78 | D        | Became a worshipper of Gozag Ym Sagoz the Greedy
   124 | D        | Reached skill level 5 in Dodging
   124 | D        | Reached skill level 14 in Stealth
   124 | D        | Reached skill level 1 in Evocations
   179 | D        | Reached skill level 15 in Stealth
   183 | D        | Reached XP level 6. HP: 15/33 MP: 7/7
   244 | D        | Identified the +10 long sword "Hautwuw" {holy, rC+}
   368 | D        | Found Xuizod's Antique Weapon Shop.
   369 | D        | Found Aczom's Jewellery Emporium.
   377 | D        | Noticed a burning bush
   377 | D        | Noticed a wandering mushroom
   378 | D        | Noticed a wandering mushroom
   381 | D        | Killed a burning bush
   382 | D        | Reached skill level 17 in Stealth
   382 | D        | Killed a wandering mushroom
   383 | D        | Reached skill level 5 in Throwing
   383 | D        | Reached skill level 18 in Stealth
   383 | D        | Reached skill level 5 in Evocations
   383 | D        | Reached XP level 7. HP: 38/38 MP: 5/8
   383 | D        | Killed a wandering mushroom
   384 | D        | Reached skill level 5 in Fighting
   384 | D        | Reached skill level 19 in Stealth
   386 | D        | Reached XP level 8. HP: 43/43 MP: 5/9
   397 | D        | Found Toxang's Antique Weapon Emporium.
   397 | D        | Found Quneo's Assorted Antiques.
   402 | D        | Bought a scroll labelled YPOIQE IKYCUH PANI for 18 gold
                  | pieces
   402 | D        | Bought a scroll labelled BIEWKE ROSA for 18 gold pieces
   402 | D        | Bought a scroll labelled YPOIQE IKYCUH PANI for 18 gold
                  | pieces
   402 | D        | Bought a scroll labelled YPOIQE IKYCUH PANI for 18 gold
                  | pieces
   402 | D        | Bought a runed robe for 66 gold pieces
   402 | D        | Bought a scroll labelled YPOIQE IKYCUH PANI for 18 gold
                  | pieces
   402 | D        | Bought a scroll labelled DUUREIKI NIORARY for 18 gold
                  | pieces
   402 | D        | Bought a scroll labelled MOTZEB INIYTZ for 18 gold pieces
   427 | D        | Bought the ring "Jitiv" {+Blink rN+ Int+4} for 508 gold
                  | pieces
   475 | D        | Noticed a queen bee
   496 | D        | HP: 2/43 [poisoned by a killer bee]
   496 | D        | Slain by a killer bee

Illustrated notes

Levels and vault maps discovered:
D:        dungeon_sprint_fedhas [sprint_temple]

Skill      XL: |  1  2  3  4  5  6  7 |
---------------+----------------------+-----
Fighting       | 2 3 4 5 |  5.2
Dodging        | 2 3 4 5 7 |  7.9
Stealth        | 7 9 12 13 15 18 19 | 19.2
Throwing       | 3 5 |  5.3
Short Blades   | 3 |  3.7
Evocations     | 2 5 6 |  6.8

Action                   |  1- 3 |  4- 6 |  7- 9 || total
-------------------------+-------+-------+-------++-------
Melee: Dagger            |     9 |     8 |    11 ||    28
Throw: Dart              |     5 |    10 |       ||    15
 Abil: Evoke Invisibilit |       |     3 |     2 ||     5
  Use: Scroll            |       |       |     3 ||     3
       Potion            |       |       |     1 ||     1
 Stab: Sleeping          |     2 |     4 |     3 ||     9
       Invisible         |       |       |     1 ||     1
Armor: Robe              |       |     2 |     4 ||     6
Dodge: Dodged            |       |    12 |    37 ||    49
